 Dungeon Sprint DCSS version 0.22.0-49-gab54619674 (webtiles) character file.

8050 Quolop the Ninja (level 11, -10/46 (47) HPs)
             Began as a Spriggan Earth Elementalist on Sept 4, 2018.
             Was the Champion of Dithmenos.
             Mangled by a lorocyproca (27 damage)
             ... in the Dungeon (Sprint I: "Red Sonja").
             The game lasted 00:11:21 (1337 turns).

Quolop the Ninja (Spriggan Earth Elementalist)      Turns: 1337, Time: 00:11:23

HP:   -10/46 (47)   AC:  5    Str:  4    XL:     11   Next: 4%
MP:   21/28         EV: 27    Int: 17    God:    Dithmenos [******]
Gold: 530           SH:  0    Dex: 20    Spells: 22/34 levels left

rFire    . . .     SeeInvis +   l - +0 dagger (venom)
rCold    . . .     Gourm    .   (shield restricted)
rNeg     . . .     Faith    .   c - +1 robe
rPois    .         Spirit   .   k - +2 hat
rElec    .         Reflect  .   v - scarf {cloud immunity}
rCorr    .         Harm     .   (gloves unavailable)
MR       +....     NoTele   +   (boots unavailable)
Stlth    ++++++++++             (no amulet)
HPRegen  0.15/turn              (no ring)
MPRegen  0.21/turn              (no ring)

@: wreathed by umbra, very quick
A: very small, unfitting armour, see invisible, herbivore, speed 3, slow
metabolism 2
a: Shadow Step, Shadow Form, Renounce Religion


You were in the Dungeon.
You worshipped Dithmenos.
Dithmenos was exalted by your worship.
You were not hungry.

You visited 1 branch You collected 1325 gold pieces.
You spent 795 gold pieces at shops.

Inventory:

Hand Weapons
 i - a -1 dagger
 l - a +0 dagger of venom (weapon)
 m - a +0 blowgun
Missiles
 b - 34 stones (quivered)
 n - 10 curare-tipped needles
Armour
 c - a +1 robe (worn)
 k - a +2 hat (worn)
 q - the +0 cloak of Responsibility {rN+ Stlth+}
   (You bought it in a shop in the Dungeon)

   It protects you from negative energy.
   It makes you more stealthy.
 v - a scarf of cloud immunity (worn)
Jewellery
 t - an uncursed ring of magical power {unknown}
Wands
 a - a wand of digging (9)
 o - a wand of disintegration (20)
 u - a wand of paralysis (4)
Scrolls
 j - a scroll of blinking
 p - a scroll of acquirement {unknown}
Potions
 e - a potion of curing
 f - 2 potions of heal wounds
 g - a potion of haste
 h - 2 potions of magic
 r - a potion of mutation {unknown}
 s - 2 potions of might {unknown}
 w - a potion of degeneration {unknown}
Comestibles
 d - a ration


   Skills:
 + Level 6.3 Short Blades
 + Level 10.0 Dodging
 O Level 27 Stealth
 - Level 0.5 Unarmed Combat
 + Level 12.2 Spellcasting
 - Level 1.3 Transmutations
 + Level 10.8 Earth Magic


You had 22 spell levels left.
You knew the following spells:

 Your Spells              Type           Power        Failure   Level  Hunger
a - Sandblast             Erth           #####.       1%          1    None
b - Passwall              Tmut/Erth      ####....     1%          2    None
c - Lee's Rapid Deconstr  Erth           #####.....   2%          5    ####...
d - Petrify               Tmut/Erth      ####....     5%          4    ##.....

Your spell library contained the following spells:

 Spells                   Type           Power        Failure   Level  Hunger
 Stone Arrow              Conj/Erth      ####..       2%          3    None


Dungeon Overview and Level Annotations

Branches:
Dungeon (1/1)

Altars:
Cheibriados
Dithmenos
Elyvilon
Fedhas
Gozag
Hepliaklqana
Kikubaaqudgha
Makhleb
Nemelex Xobeh
Okawaru
Qazlal
Ru
Sif Muna
Trog
Uskayaw
Vehumet
Wu Jian
Xom
Yredelemnul
Zin
The Shining One
Jiyva
Lugonu

Shops:
D }[%}=!=*=!=[*?[[*


Innate Abilities, Weirdness & Mutations

You are very small and have problems with some larger weapons.
You are too small for most types of armour.
You have supernaturally acute eyesight. (SInv)
You are a herbivore.
You cover ground extremely quickly.
You need to consume almost no food.


Message History

Aiming: Sandblast (safe; 1% risk of failure)
Press: ? - help, Shift-Dir - straight line, f/p - lorocyproca
Aim: a lorocyproca (almost dead, slightly transparent, umbra)
The blast of sand hits the lorocyproca.
The lorocyproca is almost dead.
b - 35 stones The lorocyproca misses you.
Casting: Sandblast (safe; 1% risk of failure)
Confirm with . or Enter, or press ? or * to list all spells.
Aiming: Sandblast (safe; 1% risk of failure)
Press: ? - help, Shift-Dir - straight line, f/p - lorocyproca
Aim: a lorocyproca (almost dead, slightly transparent, umbra)
The blast of sand hits the lorocyproca.
The lorocyproca is almost dead.
b - 34 stones The meliai calls down the wrath of its god upon you.
Something smites you!
You emit a cloud of dark smoke.
The lorocyproca hits you!!
Ouch! That really hurt!
You die...

#####################
..#__#..'..[#..#.§§§+
..'..'†.#...##+#§####
#'#__####)..'..#§# ##
#.####§§#####..+.#+#$###
#)#§§§.§#..##'####..$#y#
_.'≈§≈§.'§.#.§.§§#..$###
._#≈§≈.)#§.#§§§§@2§.$$$#
#'##'#####§###§§§#^....#
#.#.(.§###.'.#§§§###++##
####§###(###§#§^##
.'.....'.∩##§#..#
.###########.##'#
###.......##§##.# #
#........§§####
#'''######§#


You could see a lorocyproca (invisible) and a meliai.

Vanquished Creatures
  2 centaur warriors (D)
  Sonja (D)
  A deep troll (D)
  2 unseen horrors (D)
  A lindwurm (D)
  An oklob plant (D)
  A gargoyle (D)
  2 kobold demonologists (D)
  4 demonic crawlers (D)
  A hornet (D)
  A slime creature (D)
  Sigmund (D)
  2 redbacks (D)
  A yak (D)
  2 floating eyes (D)
  7 necrophages (D)
  An ogre (D)
  8 jellies (D)
  Ijyb (D)
40 creatures vanquished.

Notes
Turn   | Place    | Note
-------+----------+-------------------------------------------
     0 | D        | Quolop the Spriggan Earth Elementalist began the quest for
                  | the Orb.
     0 | D        | Reached XP level 1. HP: 9/9 MP: 5/5
     2 | D        | Noticed Ijyb
    18 | D        | Killed Ijyb
    18 | D        | Reached XP level 2. HP: 13/13 MP: 4/8
    76 | D        | Learned a level 2 spell: Passwall
    80 | D        | Noticed an ogre
    86 | D        | Killed an ogre
    86 | D        | Reached skill level 11 in Stealth
    86 | D        | Reached XP level 3. HP: 16/16 MP: 5/9
    86 | D        | Reached XP level 4. HP: 21/21 MP: 6/11
   141 | D        | Found a stormy altar of Qazlal.
   141 | D        | Found a blossoming altar of Fedhas.
   141 | D        | Found a bloodstained altar of Trog.
   141 | D        | Found an iron altar of Okawaru.
   141 | D        | Found a glowing golden altar of the Shining One.
   141 | D        | Found Xarilym's Antique Armour Emporium.
   141 | D        | Found a glowing silver altar of Zin.
   141 | D        | Found an ancient bone altar of Kikubaaqudgha.
   141 | D        | Found a white marble altar of Elyvilon.
   141 | D        | Found a hazy altar of Hepliaklqana.
   141 | D        | Found a hide-covered altar of Uskayaw.
   141 | D        | Found a basalt altar of Yredelemnul.
   141 | D        | Found a sparkling altar of Nemelex Xobeh.
   141 | D        | Found an opulent altar of Gozag.
   141 | D        | Found a snail-covered altar of Cheibriados.
   141 | D        | Found a sacrificial altar of Ru.
   141 | D        | Found a shadowy altar of Dithmenos.
   141 | D        | Noticed a yak
   141 | D        | Killed a yak
   141 | D        | Reached skill level 16 in Stealth
   141 | D        | Reached XP level 5. HP: 24/24 MP: 9/12
   149 | D        | Became a worshipper of Dithmenos the Shadowed
   168 | D        | Found a deep blue altar of Sif Muna.
   168 | D        | Found a radiant altar of Vehumet.
   168 | D        | Found an ornate altar of the Wu Jian Council.
   171 | D        | Reached XP level 6. HP: 28/28 MP: 13/13
   219 | D        | Noticed Sigmund
   219 | D        | Killed Sigmund
   219 | D        | Reached skill level 18 in Stealth
   239 | D        | Found a viscous altar of Jiyva.
   239 | D        | Found a corrupted altar of Lugonu.
   239 | D        | Found a burning altar of Makhleb.
   239 | D        | Found a shimmering altar of Xom.
   239 | D        | Noticed a slime creature
   239 | D        | Killed a slime creature
   239 | D        | Reached * piety under Dithmenos
   239 | D        | Reached skill level 20 in Stealth
   239 | D        | Reached XP level 7. HP: 32/32 MP: 11/14
   274 | D        | Noticed a kobold demonologist
   274 | D        | Noticed a kobold demonologist
   274 | D        | Killed a kobold demonologist
   274 | D        | Reached skill level 22 in Stealth
   277 | D        | Killed a kobold demonologist
   277 | D        | Reached ** piety under Dithmenos
   277 | D        | Reached skill level 23 in Stealth
   277 | D        | Reached XP level 8. HP: 36/36 MP: 12/15
   314 | D        | Noticed a lindwurm
   316 | D        | Killed a lindwurm
   316 | D        | Reached skill level 24 in Stealth
   383 | D        | Noticed Sonja
   383 | D        | Killed Sonja
   383 | D        | Reached skill level 1 in Short Blades
   383 | D        | Reached skill level 5 in Dodging
   383 | D        | Reached skill level 25 in Stealth
   383 | D        | Reached skill level 5 in Spellcasting
   383 | D        | Reached XP level 9. HP: 39/39 MP: 13/18
   418 | D        | Found Ceqija Vimi's Gadget Boutique.
   426 | D        | Bought a wand of disintegration (20) for 312 gold pieces
   464 | D        | Noticed a deep troll
   464 | D        | Killed a deep troll
   464 | D        | Reached *** piety under Dithmenos
   476 | D        | Found Omner's Armour Emporium.
   481 | D        | Bought the +0 cloak of Responsibility {rN+ Stlth+} for 259
                  | gold pieces
   516 | D        | Noticed a centaur warrior
   516 | D        | Noticed a centaur warrior
   516 | D        | Killed a centaur warrior
   516 | D        | Reached skill level 26 in Stealth
   518 | D        | Killed a centaur warrior
   518 | D        | Reached XP level 10. HP: 44/44 MP: 18/23
   561 | D        | Noticed an oklob plant
   563 | D        | Killed an oklob plant
   563 | D        | Reached **** piety under Dithmenos
   592 | D        | Noticed an unseen horror
   592 | D        | Noticed an unseen horror
   592 | D        | Killed an unseen horror
   592 | D        | Reached skill level 27 in Stealth
   593 | D        | Killed an unseen horror
   593 | D        | Reached skill level 10 in Spellcasting
   643 | D        | Paralysed by a floating eye for 4 turns
   661 | D        | Reached ***** piety under Dithmenos
   666 | D        | Reached skill level 10 in Earth Magic
   682 | D        | Reached skill level 5 in Short Blades
   761 | D        | Learned a level 5 spell: Lee's Rapid Deconstruction
   782 | D        | Found Nimareg's Gadget Shoppe.
   782 | D        | Found Wirgh's Food Shop.
   782 | D        | Found Jaumad's Jewellery Boutique.
   784 | D        | Found Deilir's Distillery.
   784 | D        | Found Baliapn's Jewellery Shop.
   784 | D        | Found Bosk's General Store.
   784 | D        | Found Vyps's Jewellery Boutique.
   784 | D        | Found Baaqopos's Distillery.
   784 | D        | Found Ysedghiyq's Jewellery Shop.
   784 | D        | Found Wiyvvopn's Antique Armour Shoppe.
   786 | D        | Found Yxutus's Assorted Antiques.
   787 | D        | Found Ofedweh's Antique Armour Emporium.
   787 | D        | Found Pen Enoi's Magic Scroll Boutique.
   788 | D        | Found Menop's General Store.
   900 | D        | Bought a glowing scarf for 224 gold pieces
   942 | D        | Learned a level 4 spell: Petrify
   965 | D        | Reached ****** piety under Dithmenos
  1023 | D        | Reached skill level 10 in Dodging
  1023 | D        | Reached XP level 11. HP: 43/46 MP: 22/27
  1323 | D        | Noticed a lorocyproca
  1337 | D        | Mangled by a lorocyproca

Skill      XL: |  1  2  3  4  5  6  7  8  9 10 11 |
---------------+----------------------------------+-----
Dodging        | 4 5 7 10 | 10.0
Spellcasting   | 4 5 8 11 12 | 12.2
Earth Magic    | 4 6 8 10 | 10.8
Stealth        | 11 16 20 23 25 26 27 | 27.0
Short Blades   | 1 3 6 |  6.3
Unarmed Combat | |  0.5
Transmutations | |  1.3

Action                   |  1- 3 |  4- 6 |  7- 9 | 10-12 || total
-------------------------+-------+-------+-------+-------++-------
Melee: Unarmed           |     9 |       |       |       ||     9
       Dagger            |       |     4 |     8 |    27 ||    39
 Cast: Sandblast         |     4 |     1 |       |    27 ||    32
       Passwall          |       |     3 |     9 |     1 ||    13
       Lee's Rapid Decon |       |       |       |     2 ||     2
Invok: Shadow Step       |       |       |       |     5 ||     5
  Use: Potion            |     1 |       |       |       ||     1
       Scroll            |       |       |     2 |       ||     2
 Stab: Sleeping          |       |     4 |     8 |    18 ||    30
Armor: Robe              |     1 |       |       |     1 ||     2
Dodge: Dodged            |     4 |       |       |    30 ||    34
